SAA
SPRINGFIELD SHOOTERS @ ATHLETIC CLUB KC ACADEMY
06/18/2030
 
TOP OF THE 1ST
Springfield Shooters batting - Pitching for Athletic Club KC Academy : RHP Gabriel Reyes
Pitching: RHP Gabriel Reyes
Batting: LHB César Gómes 0-0: Ball
1-0: Foul Ball, location: 2F
1-1: Ball
2-1: Fly out, F8 (Flyball, 8LS)
Batting: RHB Javier De Jesús 0-0: Called Strike
0-1: Foul Ball, location: 2F
0-2: Ball
1-2: Foul Ball, location: 2F
1-2: Ball
2-2: Fly out, F4 (Popup, 4D)
Batting: LHB Calvin Wilms 0-0: Ball
1-0: Ground out 6-3 (Groundball, 6MD)
Top of the 1st over - 0 runs, 0 hits, 0 errors, 0 left on base; Springfield 0 - Athletic Club KC Academy 0
BOTTOM OF THE 1ST
Athletic Club KC Academy batting - Pitching for Springfield Shooters : LHP Gabriel Valenzuela
Pitching: LHP Gabriel Valenzuela
Batting: LHB Takayuki Yoshikawa 0-0: Swinging Strike
0-1: Ball
1-1: Ground out 4-3 (Groundball, 4)
Batting: RHB Colin Bottone 0-0: Fly out, F5 (Line Drive, 56)
Batting: LHB Ramón Morterero 0-0: Ball
1-0: Ball
2-0: Ground out 4-3 (Groundball, 4)
Bottom of the 1st over - 0 runs, 0 hits, 0 errors, 0 left on base; Springfield 0 - Athletic Club KC Academy 0
TOP OF THE 2ND
Springfield Shooters batting - Pitching for Athletic Club KC Academy : RHP Gabriel Reyes
Batting: LHB John Schaefer 0-0: Swinging Strike
0-1: Ground out 6-3 (Groundball, 56)
Batting: RHB Fletcher Megarity 0-0: Called Strike
0-1: Ball
1-1: Ground out U3 (Groundball, 3S)
Batting: RHB Barrett Drury 0-0: Ground out U3 (Groundball, 34)
Top of the 2nd over - 0 runs, 0 hits, 0 errors, 0 left on base; Springfield 0 - Athletic Club KC Academy 0
BOTTOM OF THE 2ND
Athletic Club KC Academy batting - Pitching for Springfield Shooters : LHP Gabriel Valenzuela
Batting: LHB Pablo Hernández 0-0: Ball
1-0: Called Strike
1-1: Foul Ball, location: 2F
1-2: Strikes out swinging
Batting: RHB Roger Caffyn 0-0: Called Strike
0-1: Called Strike
0-2: Ball
1-2: Strikes out swinging
Batting: LHB Chi-hun Chong 0-0: Foul Ball, location: 2F
0-1: Ball
1-1: Foul Ball, location: 2F
1-2: Strikes out swinging
Bottom of the 2nd over - 0 runs, 0 hits, 0 errors, 0 left on base; Springfield 0 - Athletic Club KC Academy 0
TOP OF THE 3RD
Springfield Shooters batting - Pitching for Athletic Club KC Academy : RHP Gabriel Reyes
Batting: RHB Stephen Chávez 0-0: Ball
1-0: Fly out, F6 (Line Drive, 6)
Batting: RHB Lee Charles 0-0: Fly out, F9 (Flyball, 9LD)
Batting: RHB Jack Stidston 0-0: Ball
1-0: Ball
2-0: Ball
3-0: Base on Balls
Batting: LHB César Gómes 0-0: Called Strike
0-1: Ball
1-1: SINGLE (Flyball, 78S)
Jack Stidston to second
Runner from 2nd tries for 3rd, SAFE, no throw
Batting: RHB Javier De Jesús 0-0: Called Strike
0-1: Ball
1-1: Ball
2-1: Foul Ball, location: 2F
2-2: Foul Ball, location: 2F
2-2: Foul Ball, location: 2F
2-2: Fly out, F4 (Popup, 4)
Top of the 3rd over - 0 runs, 1 hit, 0 errors, 2 left on base; Springfield 0 - Athletic Club KC Academy 0
BOTTOM OF THE 3RD
Athletic Club KC Academy batting - Pitching for Springfield Shooters : LHP Gabriel Valenzuela
Batting: RHB Tae-kyun Chon 0-0: Ball
1-0: Foul Ball, location: 2F
1-1: Foul Ball, location: 2F
1-2: Ball
2-2: Ball
3-2: Foul Ball, location: 2F
3-2: Strikes out looking
Batting: RHB Dewey Nauss 0-0: Ball
1-0: Foul Ball, location: 2F
1-1: Foul Ball, location: 2F
1-2: Ball
2-2: Foul Ball, location: 2F
2-2: Fly out, F7 (Flyball, 78M)
Batting: RHB Tasuku Goto 0-0: Foul Ball, location: 2F
0-1: Ball
1-1: Foul Ball, location: 2F
1-2: Ball
2-2: SINGLE (Groundball, 56D)
Batting: LHB Takayuki Yoshikawa 0-0: Ball
1-0: Swinging Strike
1-1: Swinging Strike
1-2: Foul Ball, location: 2F
1-2: Ball
Tasuku Goto steals 2nd base
2-2: Ball
3-2: Strikes out swinging
Bottom of the 3rd over - 0 runs, 1 hit, 0 errors, 1 left on base; Springfield 0 - Athletic Club KC Academy 0
TOP OF THE 4TH
Springfield Shooters batting - Pitching for Athletic Club KC Academy : RHP Gabriel Reyes
Batting: LHB Calvin Wilms 0-0: Fly out, F7 (Flyball, 7S)
Batting: LHB John Schaefer 0-0: Ball
1-0: Swinging Strike
1-1: Swinging Strike
1-2: Ball
2-2: Strikes out looking
Batting: RHB Fletcher Megarity 0-0: Swinging Strike
0-1: Called Strike
0-2: Foul Ball, location: 2F
0-2: Ball
1-2: Strikes out swinging
Top of the 4th over - 0 runs, 0 hits, 0 errors, 0 left on base; Springfield 0 - Athletic Club KC Academy 0
BOTTOM OF THE 4TH
Athletic Club KC Academy batting - Pitching for Springfield Shooters : LHP Gabriel Valenzuela
Batting: RHB Colin Bottone 0-0: Foul Ball, location: 2F
0-1: Fly out, F7 (Flyball, 78S)
Batting: LHB Ramón Morterero 0-0: Called Strike
0-1: Foul Ball, location: 2F
0-2: Ball
1-2: Foul Ball, location: 2F
1-2: Ground out U3 (Groundball, 34S)
Batting: LHB Pablo Hernández 0-0: Ground out 5-3 (Groundball, 56)
Bottom of the 4th over - 0 runs, 0 hits, 0 errors, 0 left on base; Springfield 0 - Athletic Club KC Academy 0
TOP OF THE 5TH
Springfield Shooters batting - Pitching for Athletic Club KC Academy : RHP Gabriel Reyes
Batting: RHB Barrett Drury 0-0: Ball
1-0: Foul Ball, location: 2F
1-1: Foul Ball, location: 2F
1-2: Ball
2-2: SINGLE (Groundball, 4M) (infield hit)
Batting: RHB Stephen Chávez 0-0: Ball
1-0: Foul Ball, location: 2F
1-1: DOUBLE (Line Drive, 8LXD)
Barrett Drury to third
Runner from 3rd tries for Home, SAFE, no throw
Batting: RHB Lee Charles 0-0: Called Strike
0-1: Ball
1-1: Called Strike
1-2: Ball
2-2: Ball
3-2: Strikes out looking
Batting: RHB Jack Stidston 0-0: Ball
1-0: Fly out, F4 (Popup, 4)
Batting: LHB César Gómes 0-0: Ball
1-0: Ball
2-0: SINGLE (Groundball, 15S) (infield hit)
Stephen Chávez to third
Batting: RHB Javier De Jesús 0-0: Ball
1-0: Fielders Choice at 2nd, 6-4 (Groundball, 6)
Top of the 5th over - 1 run, 3 hits, 0 errors, 2 left on base; Springfield 1 - Athletic Club KC Academy 0
BOTTOM OF THE 5TH
Athletic Club KC Academy batting - Pitching for Springfield Shooters : LHP Gabriel Valenzuela
Batting: RHB Roger Caffyn 0-0: Foul Ball, location: 2F
0-1: Ball
1-1: Ball
2-1: Foul Ball, location: 2F
2-2: Foul Ball, location: 2F
2-2: Strikes out swinging
Batting: LHB Chi-hun Chong 0-0: Called Strike
0-1: Ball
1-1: Fly out, F5 (Line Drive, 5S)
Batting: RHB Tae-kyun Chon 0-0: Foul Ball, location: 2F
0-1: Foul Ball, location: 2F
0-2: Foul Ball, location: 2F
0-2: Foul Ball, location: 2F
0-2: Strikes out looking
Bottom of the 5th over - 0 runs, 0 hits, 0 errors, 0 left on base; Springfield 1 - Athletic Club KC Academy 0
TOP OF THE 6TH
Springfield Shooters batting - Pitching for Athletic Club KC Academy : RHP Gabriel Reyes
Batting: LHB Calvin Wilms 0-0: Called Strike
0-1: Ball
1-1: Ground out 6-3 (Groundball, 6M)
Batting: LHB John Schaefer 0-0: Ball
1-0: Called Strike
1-1: Fly out, F7 (Flyball, 7D)
Batting: RHB Fletcher Megarity 0-0: Ball
1-0: Foul Ball, location: 2F
1-1: Called Strike
1-2: Foul Ball, location: 2F
1-2: Fly out, F3 (Line Drive, 4)
Top of the 6th over - 0 runs, 0 hits, 0 errors, 0 left on base; Springfield 1 - Athletic Club KC Academy 0
BOTTOM OF THE 6TH
Athletic Club KC Academy batting - Pitching for Springfield Shooters : LHP Gabriel Valenzuela
Batting: RHB Dewey Nauss 0-0: Ball
1-0: Foul Ball, location: 2F
1-1: Ball
2-1: Ball
3-1: Foul Ball, location: 2F
3-2: Fly out, F8 (Flyball, 8LM)
Batting: RHB Tasuku Goto 0-0: Fly out, F8 (Line Drive, 8LD)
Batting: LHB Takayuki Yoshikawa 0-0: Ball
1-0: Ball
2-0: Ground out 6-3 (Groundball, 6)
Bottom of the 6th over - 0 runs, 0 hits, 0 errors, 0 left on base; Springfield 1 - Athletic Club KC Academy 0
TOP OF THE 7TH
Springfield Shooters batting - Pitching for Athletic Club KC Academy : RHP Gabriel Reyes
Batting: RHB Barrett Drury 0-0: Ball
1-0: Ground out 6-3 (Groundball, 56)
Batting: RHB Stephen Chávez 0-0: Fly out, F6 (Popup, 6)
Batting: RHB Lee Charles 0-0: Ball
1-0: Ball
2-0: Foul Ball, location: 2F
2-1: Ball
3-1: Foul Ball, location: 2F
3-2: Foul Ball, location: 2F
3-2: Base on Balls
Pinch Hitting: LHB Armando Rodríguez 0-0: Fly out, F7 (Flyball, 78M)
Top of the 7th over - 0 runs, 0 hits, 0 errors, 1 left on base; Springfield 1 - Athletic Club KC Academy 0
BOTTOM OF THE 7TH
Athletic Club KC Academy batting - Pitching for Springfield Shooters : LHP Gabriel Valenzuela
Now in LF: Armando Rodríguez
Batting: RHB Colin Bottone 0-0: Ball
1-0: Fly out, F9 (Flyball, 9LDF)
Batting: LHB Ramón Morterero 0-0: Ball
1-0: Foul Ball, location: 2F
1-1: Foul Ball, location: 2F
1-2: Strikes out swinging
Batting: LHB Pablo Hernández 0-0: Ball
1-0: Called Strike
1-1: Swinging Strike
1-2: SINGLE (Line Drive, 6M)
Batting: RHB Roger Caffyn 0-0: Called Strike
0-1: Ball
1-1: Called Strike
1-2: Foul Ball, location: 2F
1-2: Strikes out swinging
Bottom of the 7th over - 0 runs, 1 hit, 0 errors, 1 left on base; Springfield 1 - Athletic Club KC Academy 0
TOP OF THE 8TH
Springfield Shooters batting - Pitching for Athletic Club KC Academy : RHP Gabriel Reyes
Batting: LHB César Gómes 0-0: Called Strike
0-1: Called Strike
0-2: SINGLE (Groundball, 4D)
Pitching: LHP Dave Parkinson
Batting: RHB Javier De Jesús 0-0: Ball
1-0: Grounds into double play, 5-4-3 (Groundball, 5)
Batting: LHB Calvin Wilms 0-0: Ball
1-0: SINGLE (Groundball, 4M) (infield hit)
Batting: LHB John Schaefer 0-0: Called Strike
0-1: Called Strike
0-2: Ball
1-2: Ball
2-2: Strikes out swinging
Top of the 8th over - 0 runs, 2 hits, 0 errors, 1 left on base; Springfield 1 - Athletic Club KC Academy 0
BOTTOM OF THE 8TH
Athletic Club KC Academy batting - Pitching for Springfield Shooters : LHP Gabriel Valenzuela
Pitching: RHP Richard Hubbard
Now in RF: Lee Allen
Batting: LHB Chi-hun Chong 0-0: Ball
1-0: Ball
2-0: Ball
3-0: Base on Balls
Batting: RHB Tae-kyun Chon 0-0: Ball
1-0: Bunted foul
1-1: Sac Bunt - play at first, batter OUT! 3-4
Chi-hun Chong to second
Batting: RHB Dewey Nauss 0-0: Ball
1-0: Called Strike
1-1: Foul Ball, location: 2F
1-2: Ball
2-2: Ball
3-2: Base on Balls
Pinch Hitting: LHB Kwang-chih Feng 0-0: Called Strike
0-1: Swinging Strike
0-2: Ball
1-2: Foul Ball, location: 2F
1-2: Strikes out swinging
Batting: LHB Takayuki Yoshikawa 0-0: Called Strike
0-1: Called Strike
0-2: DOUBLE (Line Drive, 7LM)
Chi-hun Chong scores
Dewey Nauss to third
Batting: RHB Colin Bottone 0-0: Ball
1-0: SINGLE (Line Drive, 6D)
Dewey Nauss scores
Takayuki Yoshikawa to third
Runner from 3rd tries for Home, throw and OUT!
Bottom of the 8th over - 2 runs, 2 hits, 0 errors, 1 left on base; Springfield 1 - Athletic Club KC Academy 2
TOP OF THE 9TH
Springfield Shooters batting - Pitching for Athletic Club KC Academy : LHP Dave Parkinson
Pitching: RHP Alberto Ortíz
Now at 2B: Roberto Romero
Now at 3B: Kwang-chih Feng
Now in LF: Arturo Annunziato
Batting: RHB Fletcher Megarity 0-0: Ball
1-0: Ball
2-0: Called Strike
2-1: Ground out 6-3 (Groundball, 6)
Batting: RHB Barrett Drury 0-0: Ball
1-0: Ground out U3 (Groundball, 3)
Batting: RHB Stephen Chávez 0-0: Called Strike
0-1: Swinging Strike
0-2: Ball
1-2: Ball
2-2: Ball
3-2: Ground out 5-3 (Groundball, 56)
Top of the 9th over - 0 runs, 0 hits, 0 errors, 0 left on base; Springfield 1 - Athletic Club KC Academy 2
Sunday, March 18th, 2018 - OOTP Baseball 18.8 Build 76